Map: 엔디온 잔해

Players

llllllllllll - Winner!

  • Race: Terran Terran
  • League: Grandmaster

llllllllllll (Scarlett)

  • Race: Zerg Zerg
  • League: Grandmaster

VOD

Have the link to the VOD?

Description

Time

  • Played on: April 10, 2016, 2:41 a.m.
  • Length: 12:25
Show
View Real Time Build Order
Export as new Build Order

llllllllllll Terran - Winner!

Build Orders: Liberator Opening, Reaper Expand, MMM Bio 

Get SALT Encoding   

  12  0:00  SCV  
  13  0:12  SCV  
  14  0:17  Supply Depot  
  14  0:24  SCV  
  15  0:39  SCV  
  15  0:40  Barracks  
  16  0:43  Refinery  
  16  0:51  SCV  
  17  1:03  SCV  
  18  1:15  SCV  
  19  1:27  Reaper, Orbital Command  
  20  1:40  Command Center  
  20  1:50  Supply Depot  
  20  1:53  SCV  
  21  1:59  Marine  
  22  2:05  SCV  
  23  2:14  Factory  
  23  2:17  SCV, Refinery  
  24  2:23  Barracks Reactor  
  24  2:29  SCV  
  25  2:41  SCV  
  24  2:53  SCV  
  24  2:58  Command Center  
  24  3:06  Command Center, SCV  
  24  3:07  Hellion  
  24  3:08  Hellion  
  29  3:14  Supply Depot  
  29  3:19  SCV  
  30  3:26  Starport  
  30  3:29  Barracks Tech Lab  
  30  3:31  SCV  
  31  3:39  Hellion  
  33  3:43  Hellion  
  33  3:46  SCV  
  36  3:52  Liberator  
  36  3:58  SCV  
  36  4:00  Hellion  
  43  4:10  Hellion, SCV  
  44  4:17  Orbital Command  
  44  4:24  Orbital Command  
  44  4:28  SCV  
  45  4:39  Marine  
  45  4:40  Stimpack  
  45  4:41  Liberator  
  45  4:43  Orbital Command  
  45  4:44  SCV  
  47  4:53  Barracks  
  47  4:56  Barracks, SCV  
  51  5:02  Marine  
  51  5:03  Factory Reactor  
  51  5:05  Orbital Command  
  52  5:08  SCV  
  53  5:15  SCV  
  53  5:20  Marine, SCV  
  56  5:27  SCV, Supply Depot  
  57  5:32  SCV  
  58  5:36  SCV, Engineering Bay  
  58  5:37  Engineering Bay  
  58  5:38  Marine  
  58  5:39  SCV  
  61  5:44  SCV  
  61  5:45  Barracks Reactor  
  61  5:47  Barracks  
  61  5:48  SCV, Liberator  
  61  5:49  Liberator  
  63  5:51  Barracks  
  63  5:52  Factory Reactor  
  63  5:53  SCV  
  63  5:56  SCV  
  65  5:57  Supply Depot  
  65  6:00  SCV  
  69  6:13  Missile Turret  
  69  6:16  Missile Turret  
  69  6:18  Missile Turret  
  69  6:19  Missile Turret  
  69  6:23  Marine  
  69  6:24  Marine x4  
  74  6:29  Terran Infantry Weapons Level 1  
  71  6:33  Terran Infantry Armor Level 1  
  71  6:36  Marine  
  67  6:41  Marine x2  
  67  6:42  Combat Shields  
  68  6:47  SCV x2  
  68  6:50  Marine  
  68  6:51  Marine x2  
  68  6:54  Barracks Reactor  
  73  6:55  Barracks Reactor  
  73  7:00  Refinery x2  
  73  7:04  Marine x2  
  73  7:05  Supply Depot  
  75  7:08  Marine x3  
  75  7:10  Medivac  
  75  7:13  SCV x3  
  83  7:21  Marine, Supply Depot  
  83  7:22  Marine  
  85  7:27  Marine x2, Medivac  
  85  7:28  Supply Depot  
  89  7:32  SCV x3  
  89  7:37  Marine  
  92  7:42  Factory Tech Lab, Marine x3  
  92  7:43  Marauder  
  98  7:53  Medivac  
  98  7:58  Supply Depot x2  
  102  7:59  Factory  
  102  8:04  Marine x8  
  109  8:06  Marine  
  109  8:10  SCV  
  109  8:15  Supply Depot  
  109  8:19  SCV x2, Siege Tank  
  114  8:22  Supply Depot, Armory  
  114  8:24  SCV  
  115  8:29  Marauder  
  115  8:31  SCV  
  115  8:33  Marine x4  
  118  8:35  Marine x2  
  118  8:36  Marine  
  116  8:51  Marauder, Siege Tank  
  116  8:53  Marine  
  116  8:54  Marine x5  
  127  9:04  Marine x2  
  127  9:05  Concussive Shells  
  127  9:09  Supply Depot  
  129  9:11  Marine, Supply Depot x2  
  129  9:12  Marine x2, Marauder  
  134  9:22  Medivac x2  
  134  9:23  Siege Tank  
  141  9:24  Refinery  
  141  9:25  SCV, Refinery  
  141  9:30  SCV  
  142  9:32  Missile Turret  
  142  9:34  Marauder  
  142  9:47  Marine  
  142  9:48  Marine x5  
  146  9:55  Marauder, Factory Tech Lab, Siege Tank  
  151  10:00  Supply Depot  
  151  10:01  Supply Depot  
  151  10:05  Command Center  
  151  10:10  Marine x4  
  151  10:11  Marine x3  
  157  10:16  Marauder  
  157  10:18  Siege Tank  
  162  10:25  Marine  
  162  10:28  Marine x4, Siege Tank  
  156  10:29  Marine  
  156  10:33  Marine  
  140  10:38  Marauder  
  138  10:44  Medivac  
  138  10:46  Medivac  
  142  10:50  Siege Tank  
  145  10:59  Marauder  
  145  11:00  Siege Tank  
  145  11:03  Marine  
  145  11:04  Marine x3  
  154  11:05  Marine  
  154  11:07  Marine  
  156  11:21  Marauder  
  156  11:22  Siege Tank  
  141  11:36  Marine  
  141  11:37  Marine x5  
  146  11:42  Marauder  
  146  11:45  Marine  
  149  11:48  Marine  
  150  11:56  Missile Turret  
  150  12:03  Marauder  
  150  12:04  Marine x5  
  150  12:07  Marine x2  
Show
View Real Time Build Order
Export as new Build Order

llllllllllll Zerg 

Build Orders: Pool First 

Get SALT Encoding   

  12  0:01  Drone  
  13  0:09  Drone  
  14  0:15  Extractor  
  14  0:16  Drone  
  14  0:32  Spawning Pool  
  13  0:36  Drone  
  14  0:44  Overlord  
  14  0:50  Extractor  
  14  0:52  Drone  
  15  1:04  Drone x2  
  17  1:19  Metabolic Boost  
  17  1:21  Queen  
  17  1:24  Zergling x2  
  20  1:27  Zergling x2  
  21  1:48  Hatchery  
  21  1:53  Drone  
  21  1:57  Overlord  
  21  2:05  Zergling x2  
  22  2:14  Queen  
  23  2:20  Zergling x4  
  25  2:26  Zergling x2  
  25  2:29  Zergling x6  
  29  2:39  Zergling x2  
  29  2:51  Overlord  
  29  3:01  Drone  
  29  3:02  Drone x2  
  29  3:05  Overlord, Drone  
  33  3:11  Drone  
  34  3:14  Drone  
  35  3:20  Lair  
  35  3:22  Drone  
  36  3:32  Drone x2  
  38  3:34  Drone x2  
  38  3:35  Drone  
  38  3:36  Drone  
  42  3:42  Overlord  
  42  3:46  Extractor  
  41  3:51  Drone  
  42  3:58  Drone x4  
  46  4:07  Drone x4  
  50  4:13  Extractor x2  
  48  4:21  Drone x2  
  50  4:27  Spire, Drone x2  
  50  4:30  Queen  
  53  4:33  Drone x2  
  53  4:34  Drone  
  53  4:38  Drone  
  55  4:42  Drone x2  
  55  4:45  Overlord  
  57  4:46  Drone  
  57  4:49  Overseer  
  57  4:51  Drone x2  
  60  4:56  Spore Crawler  
  59  5:03  Overlord  
  59  5:04  Drone x2  
  61  5:16  Hatchery  
  59  5:23  Zergling x2  
  59  5:24  Zergling x2  
  59  5:25  Queen  
  63  5:36  Drone x3  
  63  5:41  Mutalisk x2  
  68  5:47  Mutalisk  
  70  5:51  Mutalisk  
  70  5:55  Mutalisk  
  73  6:05  Mutalisk  
  75  6:14  Drone  
  75  6:15  Overlord  
  75  6:16  Overlord  
  76  6:28  Evolution Chamber  
  76  6:30  Evolution Chamber  
  74  6:42  Drone x6  
  74  6:45  Zerg Flyer Weapons Level 1  
  74  6:46  Roach Warren, Drone x3  
  82  6:48  Drone  
  82  6:49  Drone  
  84  6:54  Drone  
  84  6:55  Drone  
  84  6:59  Zerg Missile Weapons Level 1  
  86  7:01  Zerg Ground Armor Level 1  
  86  7:11  Drone x5  
  86  7:12  Extractor  
  90  7:15  Extractor  
  90  7:18  Hatchery  
  90  7:21  Drone  
  90  7:22  Drone x2  
  91  7:31  Drone  
  91  7:32  Drone x6  
  98  7:43  Overlord x2  
  98  7:44  Overlord x3  
  98  7:46  Glial Reconstitution  
  98  8:02  Roach x7  
  98  8:03  Roach x2  
  116  8:07  Roach x3  
  122  8:15  Roach x2  
  126  8:25  Roach x6  
  126  8:47  Roach  
  126  8:48  Roach x4  
  134  8:49  Overlord x7  
  132  8:55  Overlord  
  132  8:56  Zerg Ground Armor Level 2, Overlord x2, Zerg Missile Weapons Level 2  
  132  8:58  Overseer, Ravager  
  133  9:10  Ravager x5  
  133  9:11  Ravager x11  
  133  9:12  Roach  
  151  9:23  Roach x7  
  165  9:32  Roach  
  165  9:33  Roach x5  
  165  9:37  Roach x2  
  181  9:52  Roach x10  
  199  10:00  Extractor x2  
  199  10:04  Zerg Flyer Weapons Level 2  
  152  10:37  Roach  
  152  10:38  Roach x20  
  190  10:43  Infestation Pit  
  186  11:03  Spine Crawler, Spore Crawler, Drone x4  
  188  11:04  Spore Crawler  
  188  11:06  Tunneling Claws, Burrow  
  187  11:12  Mutalisk  
  187  11:13  Mutalisk  
  170  11:32  Mutalisk  
  170  11:33  Mutalisk x4  
  180  11:44  Mutalisk x3  
  180  11:45  Overlord  
  183  11:55  Overlord x2  
  183  11:58  Ravager x2  
  186  12:01  Ravager  
  186  12:02  Ravager x2  
Tags
 
Add a new tag
Caveats
  • Supply blocks, unpowered buildings, or Contaminate may cause inaccurate times.
  • Supply counts are checked every 10 seconds.